TOP OF THE 1ST |
Pittsburgh Kingfishers batting - Pitching for Long Island Lighthouse : LHP Imbart Theunen
|
Pitching: LHP Imbart Theunen
|
|
Batting: RHB Alohinani Puanani
|
0-0: Ball 1-0: Foul Ball, location: 2F 1-1: Called Strike 1-2: Strikes out swinging
|
Batting: LHB Kyung-chul Son
|
0-0: Ball 1-0: Called Strike 1-1: Ball 2-1: Swinging Strike 2-2: Ball 3-2: Strikes out looking
|
Batting: RHB Luis Pamparacuatro
|
0-0: Fly out, F6 (Line Drive, 6, EV 72.5 MPH)
|
Top of the 1st over - 0 runs, 0 hits, 0 errors, 0 left on base; Pittsburgh 0 - Long Island 0 |
BOTTOM OF THE 1ST |
Long Island Lighthouse batting - Pitching for Pittsburgh Kingfishers : RHP António Haritos
|
Pitching: RHP António Haritos
|
|
Batting: RHB Muneyaki Hayashi
|
0-0: Ball 1-0: Ball 2-0: Called Strike 2-1: Swinging Strike 2-2: Reached on error, E5 (Groundball, 56, EV 107.5 MPH)
|
Batting: LHB Jorge Napolez
|
0-0: Ball 1-0: Foul Ball, location: 2F 1-1: Ball 2-1: Ball 3-1: Foul Ball, location: 2F 3-2: Foul Ball, location: 2F 3-2: Base on Balls
|
Batting: RHB Jonas van Claveren
|
0-0: Called Strike 0-1: Called Strike 0-2: Ball 1-2: Foul Ball, location: 2F 1-2: Ball 2-2: Grounds into double play, 6-4-3 (Groundball, 56, EV 80.0 MPH) Muneyaki Hayashi to third
|
Batting: RHB Bang-xao Li
|
0-0: Called Strike 0-1: SINGLE (Groundball, 56D, EV 107.5 MPH) Muneyaki Hayashi scores
|
Batting: LHB Tokaji Mizuno
|
0-0: Ball 1-0: Reached on error, E3 (Groundball, 3L, EV 93.8 MPH) Bang-xao Li to second
|
Batting: LHB Jared Schneider
|
0-0: Ball 1-0: Swinging Strike 1-1: Ball 2-1: Ball 3-1: Base on Balls Bang-xao Li to third Tokaji Mizuno to second
|
Batting: RHB William Kirkland
|
0-0: Fly out, F7 (Line Drive, 7, EV 98.1 MPH)
|
Bottom of the 1st over - 1 run, 1 hit, 2 errors, 3 left on base; Pittsburgh 0 - Long Island 1 |
TOP OF THE 2ND |
Pittsburgh Kingfishers batting - Pitching for Long Island Lighthouse : LHP Imbart Theunen
|
Batting: RHB Ignacio Páez
|
0-0: Called Strike 0-1: Called Strike 0-2: Foul Ball, location: 2F 0-2: Strikes out swinging
|
Batting: LHB Wing-kit Ou-yang
|
0-0: Ball 1-0: Ground out 6-3 (Groundball, 6, EV 81.2 MPH)
|
Batting: LHB Gustavo Gonzáles
|
0-0: Called Strike 0-1: Ground out 6-3 (Groundball, 6S, EV 90.0 MPH)
|
Top of the 2nd over - 0 runs, 0 hits, 0 errors, 0 left on base; Pittsburgh 0 - Long Island 1 |
BOTTOM OF THE 2ND |
Long Island Lighthouse batting - Pitching for Pittsburgh Kingfishers : RHP António Haritos
|
Batting: RHB Vicente Gallegos
|
0-0: Called Strike 0-1: Ball 1-1: Ball 2-1: Foul Ball, location: 2F 2-2: Ball 3-2: Base on Balls
|
Batting: RHB Jermaine Vassell
|
0-0: Foul Ball, location: 2F 0-1: Called Strike 0-2: Ball 1-2: Ball 2-2: DOUBLE (Line Drive, 9LM, EV 102.5 MPH) Vicente Gallegos to third Runner from 3rd tries for Home, SAFE, no throw by RF
|
Batting: RHB Muneyaki Hayashi
|
0-0: Ball 1-0: Hit by Pitch
|
Batting: LHB Jorge Napolez
|
0-0: Swinging Strike 0-1: Foul Ball, location: 2F 0-2: Ball 1-2: Foul Ball, location: 2F 1-2: Strikes out swinging
|
Batting: RHB Jonas van Claveren
|
0-0: Ball 1-0: Grounds into double play, 6-4-3 (Groundball, 6, EV 82.5 MPH)
|
Bottom of the 2nd over - 1 run, 1 hit, 0 errors, 1 left on base; Pittsburgh 0 - Long Island 2 |
TOP OF THE 3RD |
Pittsburgh Kingfishers batting - Pitching for Long Island Lighthouse : LHP Imbart Theunen
|
Batting: LHB Martín Flores
|
0-0: Ball 1-0: Foul Ball, location: 2F 1-1: Reached on error, E6 (Groundball, 6, EV 81.2 MPH)
|
Batting: SHB Stanley Good
|
0-0: Ball 1-0: Ball 2-0: Called Strike 2-1: Foul Ball, location: 2F 2-2: Strikes out looking
|
Batting: RHB Jesús Cortéz
|
0-0: SINGLE (Groundball, 6MS, EV 66.9 MPH) (infield hit) Martín Flores to third
|
Batting: RHB Alohinani Puanani
|
0-0: Called Strike 0-1: Foul Ball, location: 2F 0-2: Ball 1-2: Foul Ball, location: 2F 1-2: Ball 2-2: Foul Ball, location: 2F 2-2: Strikes out swinging
|
Batting: LHB Kyung-chul Son
|
0-0: Foul Ball, location: 2F 0-1: Called Strike 0-2: Ball 1-2: Ball 2-2: Ground out 4-3 (Groundball, 4, EV 108.8 MPH)
|
Top of the 3rd over - 0 runs, 1 hit, 1 error, 2 left on base; Pittsburgh 0 - Long Island 2 |
BOTTOM OF THE 3RD |
Long Island Lighthouse batting - Pitching for Pittsburgh Kingfishers : RHP António Haritos
|
Batting: RHB Bang-xao Li
|
0-0: Called Strike 0-1: Ground out 6-3 (Groundball, 6, EV 76.9 MPH)
|
Batting: LHB Tokaji Mizuno
|
0-0: Foul Ball, location: 2F 0-1: Ball 1-1: Swinging Strike 1-2: Ball 2-2: Foul Ball, location: 2F 2-2: Foul Ball, location: 2F 2-2: Strikes out swinging
|
Batting: LHB Jared Schneider
|
0-0: Ball 1-0: Fly out, F8 (Flyball, 8LS, EV 85.0 MPH)
|
Bottom of the 3rd over - 0 runs, 0 hits, 0 errors, 0 left on base; Pittsburgh 0 - Long Island 2 |
TOP OF THE 4TH |
Pittsburgh Kingfishers batting - Pitching for Long Island Lighthouse : LHP Imbart Theunen
|
Batting: RHB Luis Pamparacuatro
|
0-0: Called Strike 0-1: Ball 1-1: Called Strike 1-2: Ground out 6-3 (Groundball, 6M, EV 80.6 MPH)
|
Batting: RHB Ignacio Páez
|
0-0: Foul Ball, location: 2F 0-1: Ball 1-1: Foul Ball, location: 2F 1-2: Foul Ball, location: 2F 1-2: Ground out 2-3 (Groundball, 2L, EV 65.6 MPH)
|
Batting: LHB Wing-kit Ou-yang
|
0-0: Ball 1-0: Called Strike 1-1: Called Strike 1-2: Foul Ball, location: 2F 1-2: Fly out, F9 (Flyball, 9, EV 86.2 MPH)
|
Top of the 4th over - 0 runs, 0 hits, 0 errors, 0 left on base; Pittsburgh 0 - Long Island 2 |
BOTTOM OF THE 4TH |
Long Island Lighthouse batting - Pitching for Pittsburgh Kingfishers : RHP António Haritos
|
Batting: RHB William Kirkland
|
0-0: Ball 1-0: SINGLE (Groundball, 56D, EV 100.0 MPH)
|
Batting: RHB Vicente Gallegos
|
0-0: Ball 1-0: Called Strike 1-1: Ball 2-1: Fly out, F7 (Flyball, 78M, EV 98.8 MPH)
|
Batting: RHB Jermaine Vassell
|
0-0: Ball 1-0: Foul Ball, location: 2F 1-1: Called Strike 1-2: Ball 2-2: Strikes out swinging
|
Batting: RHB Muneyaki Hayashi
|
0-0: Ball 1-0: Ball 2-0: Called Strike 2-1: Foul Ball, location: 2F 2-2: Fielders Choice at 2nd, 6-4 (Groundball, 6, EV 88.1 MPH)
|
Bottom of the 4th over - 0 runs, 1 hit, 0 errors, 1 left on base; Pittsburgh 0 - Long Island 2 |
TOP OF THE 5TH |
Pittsburgh Kingfishers batting - Pitching for Long Island Lighthouse : LHP Imbart Theunen
|
Batting: LHB Gustavo Gonzáles
|
0-0: Ball 1-0: Called Strike 1-1: Foul Ball, location: 2F 1-2: Ball 2-2: Ground out 6-3 (Groundball, 6, EV 81.2 MPH)
|
Batting: LHB Martín Flores
|
0-0: Called Strike 0-1: Ball 1-1: Foul Ball, location: 2F 1-2: Foul Ball, location: 2F 1-2: Ball 2-2: Ground out 6-3 (Groundball, 4MD, EV 83.8 MPH)
|
Batting: SHB Stanley Good
|
0-0: Swinging Strike 0-1: Ball 1-1: Ball 2-1: Swinging Strike 2-2: Foul Ball, location: 2F 2-2: Ball 3-2: Foul Ball, location: 2F 3-2: Foul Ball, location: 2F 3-2: Strikes out swinging
|
Top of the 5th over - 0 runs, 0 hits, 0 errors, 0 left on base; Pittsburgh 0 - Long Island 2 |
BOTTOM OF THE 5TH |
Long Island Lighthouse batting - Pitching for Pittsburgh Kingfishers : RHP António Haritos
|
Batting: LHB Jorge Napolez
|
0-0: Ball 1-0: Called Strike 1-1: Ball 2-1: Ball 3-1: Foul Ball, location: 2F 3-2: Base on Balls
|
Batting: RHB Jonas van Claveren
|
0-0: Hit by Pitch Jorge Napolez to second
|
Batting: RHB Bang-xao Li
|
0-0: Called Strike 0-1: Fielders Choice at 2nd, 3-6 (Groundball, 34, EV 83.1 MPH) Jorge Napolez to third
|
Batting: LHB Tokaji Mizuno
|
0-0: Foul Ball, location: 2F 0-1: Fly out, F8 (Flyball, 8RM, EV 85.6 MPH) Runner from 3rd tags up, SCORES, no throw by CF
|
Batting: LHB Jared Schneider
|
0-0: Foul Ball, location: 2F 0-1: Ball 1-1: Ball 2-1: SINGLE (Groundball, 34S, EV 65.6 MPH) (infield hit) Bang-xao Li to second
|
Batting: RHB William Kirkland
|
0-0: Ball 1-0: SINGLE (Groundball, 4D, EV 100.6 MPH) Bang-xao Li to third Jared Schneider to second Runner from 3rd tries for Home, SAFE, throw by CF to home
|
Batting: RHB Vicente Gallegos
|
0-0: Called Strike 0-1: Fly out, F8 (Flyball, 89M, EV 95.6 MPH)
|
Bottom of the 5th over - 2 runs, 2 hits, 0 errors, 2 left on base; Pittsburgh 0 - Long Island 4 |
TOP OF THE 6TH |
Pittsburgh Kingfishers batting - Pitching for Long Island Lighthouse : LHP Imbart Theunen
|
Pitching: RHP Wilson Tamayo
|
|
Batting: RHB Jesús Cortéz
|
0-0: Ball 1-0: Ball 2-0: Ball 3-0: Called Strike 3-1: Called Strike 3-2: Ground out 5-3 (Groundball, 56, EV 80.6 MPH)
|
Batting: RHB Alohinani Puanani
|
0-0: Ground out 6-3 (Groundball, 6, EV 82.5 MPH)
|
Batting: LHB Kyung-chul Son
|
0-0: Called Strike 0-1: Foul Ball, location: 2F 0-2: Strikes out looking
|
Top of the 6th over - 0 runs, 0 hits, 0 errors, 0 left on base; Pittsburgh 0 - Long Island 4 |
BOTTOM OF THE 6TH |
Long Island Lighthouse batting - Pitching for Pittsburgh Kingfishers : RHP António Haritos
|
Pitching: LHP Curt Howard
|
|
Batting: RHB Jermaine Vassell
|
0-0: Called Strike 0-1: Called Strike 0-2: Ball 1-2: Foul Ball, location: 2F 1-2: Foul Ball, location: 2F 1-2: Strikes out swinging
|
Batting: RHB Muneyaki Hayashi
|
0-0: Ball 1-0: Ball 2-0: Swinging Strike 2-1: Called Strike 2-2: Foul Ball, location: 2F 2-2: Strikes out swinging
|
Batting: LHB Jorge Napolez
|
0-0: Called Strike 0-1: Called Strike 0-2: Strikes out swinging
|
Bottom of the 6th over - 0 runs, 0 hits, 0 errors, 0 left on base; Pittsburgh 0 - Long Island 4 |
TOP OF THE 7TH |
Pittsburgh Kingfishers batting - Pitching for Long Island Lighthouse : RHP Wilson Tamayo
|
Batting: RHB Luis Pamparacuatro
|
0-0: Called Strike 0-1: TRIPLE (Groundball, 5L, EV 109.4 MPH)
|
Batting: RHB Ignacio Páez
|
0-0: Ball 1-0: Called Strike 1-1: Ball 2-1: Foul Ball, location: 2F 2-2: Ball 3-2: Foul Ball, location: 2F 3-2: Base on Balls
|
Batting: LHB Wing-kit Ou-yang
|
0-0: Called Strike 0-1: Ball 1-1: Foul Ball, location: 2F 1-2: Foul Ball, location: 2F 1-2: Ball 2-2: Strikes out swinging
|
Batting: LHB Gustavo Gonzáles
|
0-0: Called Strike 0-1: Grounds into double play, 4-6-3 (Groundball, 4, EV 84.4 MPH)
|
Top of the 7th over - 0 runs, 1 hit, 0 errors, 1 left on base; Pittsburgh 0 - Long Island 4 |
BOTTOM OF THE 7TH |
Long Island Lighthouse batting - Pitching for Pittsburgh Kingfishers : LHP Curt Howard
|
Batting: RHB Jonas van Claveren
|
0-0: Foul Ball, location: 2F 0-1: Ball 1-1: Swinging Strike 1-2: Ball 2-2: Fly out, F8 (Flyball, 8LS, EV 90.6 MPH)
|
Batting: RHB Bang-xao Li
|
0-0: DOUBLE (Line Drive, 8LD, EV 100.6 MPH)
|
Batting: LHB Tokaji Mizuno
|
0-0: Foul Ball, location: 2F 0-1: Foul Ball, location: 2F 0-2: Ball 1-2: Foul Ball, location: 2F 1-2: Fly out, F8 (Flyball, 8LXD, EV 108.8 MPH) Runner from 2nd tags up, SAFE at 3rd, no throw by CF
|
Batting: LHB Jared Schneider
|
0-0: Swinging Strike 0-1: Foul Ball, location: 2F 0-2: Ball 1-2: Ball 2-2: Foul Ball, location: 2F 2-2: Foul Ball, location: 2F 2-2: Ball 3-2: Strikes out swinging
|
Bottom of the 7th over - 0 runs, 1 hit, 0 errors, 1 left on base; Pittsburgh 0 - Long Island 4 |
TOP OF THE 8TH |
Pittsburgh Kingfishers batting - Pitching for Long Island Lighthouse : RHP Wilson Tamayo
|
Batting: LHB Martín Flores
|
0-0: Foul Ball, location: 2F 0-1: Ball 1-1: Foul Ball, location: 2F 1-2: Strikes out swinging
|
Batting: SHB Stanley Good
|
0-0: Called Strike 0-1: Ball 1-1: Ball 2-1: Ball 3-1: Foul Ball, location: 2F 3-2: Foul Ball, location: 2F 3-2: Strikes out swinging
|
Batting: RHB Jesús Cortéz
|
0-0: Called Strike 0-1: Swinging Strike 0-2: Ground out 6-3 (Groundball, 6M, EV 78.1 MPH)
|
Top of the 8th over - 0 runs, 0 hits, 0 errors, 0 left on base; Pittsburgh 0 - Long Island 4 |
BOTTOM OF THE 8TH |
Long Island Lighthouse batting - Pitching for Pittsburgh Kingfishers : LHP Curt Howard
|
Batting: RHB William Kirkland
|
0-0: Ball 1-0: Called Strike 1-1: Foul Ball, location: 2F 1-2: Ground out 5-3 (Groundball, 56, EV 83.1 MPH)
|
Batting: RHB Vicente Gallegos
|
0-0: Called Strike 0-1: Ball 1-1: Swinging Strike 1-2: Foul Ball, location: 2F 1-2: SINGLE (Groundball, 4MD, EV 103.1 MPH)
|
Pitching: RHP Carlos Rodríguez
|
|
Batting: RHB Jermaine Vassell
|
0-0: Called Strike 0-1: Ball 1-1: Swinging Strike 1-2: Strikes out swinging
|
Batting: RHB Muneyaki Hayashi
|
0-0: Called Strike 0-1: Ball 1-1: SINGLE (Groundball, 6D, EV 96.9 MPH) Vicente Gallegos to second
|
Batting: LHB Jorge Napolez
|
0-0: Called Strike 0-1: Foul Ball, location: 2F 0-2: Foul Ball, location: 2F 0-2: SINGLE (Flyball, 8LS, EV 100.6 MPH) Vicente Gallegos to third Muneyaki Hayashi to second Runner from 3rd tries for Home, SAFE, throw by CF to home
|
Batting: RHB Jonas van Claveren
|
0-0: Foul Ball, location: 2F 0-1: Ball Passed Ball! Muneyaki Hayashi to third Jorge Napolez to second 1-1: Ball 2-1: Swinging Strike 2-2: Strikes out swinging
|
Bottom of the 8th over - 1 run, 3 hits, 0 errors, 2 left on base; Pittsburgh 0 - Long Island 5 |
TOP OF THE 9TH |
Pittsburgh Kingfishers batting - Pitching for Long Island Lighthouse : RHP Wilson Tamayo
|
Batting: RHB Alohinani Puanani
|
0-0: Called Strike 0-1: Swinging Strike 0-2: Foul Ball, location: 2F 0-2: Foul Ball, location: 2F 0-2: Ball 1-2: Strikes out looking
|
Batting: LHB Kyung-chul Son
|
0-0: SOLO HOME RUN (Flyball, 89XD, EV 111.9 MPH) (Inside the Park)
|
Batting: RHB Luis Pamparacuatro
|
0-0: Called Strike 0-1: Ball 1-1: SINGLE (Line Drive, 7S, EV 106.2 MPH)
|
Pitching: RHP Miguel Rodríguez
|
|
Batting: RHB Ignacio Páez
|
0-0: Ball 1-0: Fly out, F7 (Line Drive, 7LM, EV 96.9 MPH)
|
Batting: LHB Wing-kit Ou-yang
|
0-0: Ball 1-0: Ball 2-0: Called Strike 2-1: Foul Ball, location: 2F 2-2: Fielders Choice at 2nd, 5-4 (Groundball, 56, EV 81.9 MPH)
|
Top of the 9th over - 1 run, 2 hits, 0 errors, 1 left on base; Pittsburgh 1 - Long Island 5 |
|